 Dungeon Crawl Stone Soup version 0.23.1-37-gaa34b87 (webtiles) character file.

Game seed: 4990811105029622361

145 Borgoz the Sneak (level 5, -3/40 HPs)
             Began as a Ghoul Enchanter on Mar 22, 2019.
             Slain by a gnoll (6 damage)
             ... on level 3 of the Dungeon.
             The game lasted 00:04:29 (2981 turns).

Borgoz the Sneak (Ghoul Enchanter)                  Turns: 2981, Time: 00:04:30

Health: -3/40      AC:  5    Str: 12    XL:     5   Next: 27%
Magic:  2/7        EV: 12    Int: 10    God:
Gold:   121        SH:  0    Dex: 10    Spells: 2/8 levels left

rFire    + . .     SeeInvis .   a - +1 dagger
rCold    + + .     Gourm    .   (no shield)
rNeg     + + +     Faith    .   o - +0 leather armour (curse)
rPois    ∞         Spirit   .   (no helmet)
rElec    +         Reflect  .   j - +1 cloak
rCorr    +         Harm     .   (no gloves)
MR       .....                  (no boots)
Stlth    ++........             (no amulet)
HPRegen  0.00/turn              (no ring)
MPRegen  0.10/turn              (no ring)

@: resistant, very slightly contaminated, rotting
A: rotting body, claws 1, carnivore, cold resistance 1, negative energy
resistance 3, inhibited regeneration, torment resistance, unbreathing
a: no special abilities


You were on level 3 of the Dungeon.
You were not hungry.

You visited 1 branch of the dungeon, and saw 3 of its levels.

You collected 121 gold pieces.

Inventory:

Hand Weapons
 a - a +1 dagger (weapon)
Armour
 j - a +1 cloak (worn)
 o - a cursed +0 leather armour (worn)
Wands
 n - a wand of enslavement (5)
Scrolls
 c - a scroll of magic mapping
 e - 3 scrolls of teleportation
 f - 2 scrolls of identify
 h - 2 scrolls of remove curse
 l - a scroll of random uselessness {unknown}
 m - a scroll of amnesia {unknown}
Potions
 b - 2 potions of berserk rage
 g - a potion of resistance
Comestibles
 d - 7 rations


   Skills:
 + Level 1.6 Fighting
 * Level 2.0 Short Blades
 * Level 1.5 Armour
 * Level 2.6 Dodging
 + Level 3.8 Stealth
 + Level 2.1 Spellcasting
 + Level 2.7 Hexes


You had 2 spell levels left.
You knew the following spells:

 Your Spells              Type           Power        Failure   Level  Hunger
a - Corona                Hex            #......      13%         1    ##.....
b - Ensorcelled Hibernat  Hex/Ice        #.....       34%         2    ###....
c - Confuse               Hex            #.......     36%         3    ####...

Your spell library contained the following spells:

 Spells                   Type           Power        Failure   Level  Hunger
 Tukima's Dance           Hex            #.......     36%         3    ####...
 Dazzling Spray           Conj/Hex       #.....       56%         3    ####...


Dungeon Overview and Level Annotations

Branches:
Dungeon (3/15)

Altars:
Makhleb
Sif Muna


Innate Abilities, Weirdness & Mutations

Your body is rotting away.
You thrive on raw meat.
You are immune to poison.
You have sharp fingernails.
You are carnivorous and can eat meat at any time.
Your flesh is cold resistant. (rC+)
You are immune to negative energy. (rN+++)
You do not regenerate when monsters are visible.
You are immune to unholy pain and torment.
You can survive without breathing.


Message History

You hit the gnoll.
The gnoll is moderately wounded.
The gnoll misses you.
You hit the gnoll.
The gnoll is heavily wounded.
The gnoll closely misses you.
Okay, then.
You hit the gnoll.
The gnoll is severely wounded.
The gnoll closely misses you.
You closely miss the gnoll.
The gnoll is severely wounded.
The gnoll closely misses you.
You barely miss the gnoll.
The gnoll is severely wounded.
The gnoll closely misses you.
You hit the gnoll.
The gnoll is almost dead.
The gnoll hits you.
You die...

#..# #...# #.#.##.######
#..#####...########.#.##.#
#...................#.##.#
#.<######...#########.##.#
##.# #...# #.##.#
##.######...#########.##.#
............>............#
###.#####...#########.####
#..# #...# #@g.....>.#
##.## #...# ######.##.#
#..# #...# #.##.# ##.#
#...# #.##.# #.# #...##
#g##.#
#.###....########.##.#
##..##.............##.#
#..................##.#
#.#.##.#.########.....#


You could see a gnoll.

Vanquished Creatures
  3 gnolls
  4 adders
  An ooze (D:2)
  2 worms
  2 leopard geckos
  An orc (D:3)
  4 ball pythons
  6 giant cockroaches
  10 goblins
  5 hobgoblins
  2 jackals (D:3)
  4 kobolds
  A quokka (D:2)
  9 bats
  8 frilled lizards
  5 rats
67 creatures vanquished.

Notes
Turn   | Place    | Note
-------+----------+-------------------------------------------
     0 | D:1      | Borgoz the Ghoul Enchanter began the quest for the Orb.
     0 | D:1      | Reached XP level 1. HP: 14/14 MP: 2/2
    49 | D:1      | Reached skill level 1 in Short Blades
   109 | D:1      | Reached XP level 2. HP: 15/20 MP: 3/3
   116 | D:1      | Learned a level 2 spell: Ensorcelled Hibernation
  1026 | D:1      | Reached XP level 3. HP: 15/27 MP: 4/4
  1338 | D:2      | Found a deep blue altar of Sif Muna.
  1339 | D:2      | Found a burning altar of Makhleb.
  1374 | D:2      | Reached skill level 1 in Fighting
  1417 | D:2      | Reached skill level 1 in Armour
  1497 | D:2      | Reached XP level 4. HP: 18/35 MP: 6/6
  1668 | D:2      | Learned a level 3 spell: Confuse
  2610 | D:3      | Reached XP level 5. HP: 39/40 MP: 4/7
  2981 | D:3      | Slain by a gnoll

Skill      XL: |  1  2  3  4 |
---------------+-------------+-----
Short Blades   | 1 2 |  2.0
Dodging        | 2 |  2.6
Fighting       | 1 |  1.6
Armour         | 1 |  1.5
Spellcasting   | 2 |  2.1
Stealth        | |  3.8
Hexes          | |  2.7

Action                   |  1- 3 |  4- 6 || total
-------------------------+-------+-------++-------
Melee: Dagger            |   164 |   209 ||   373
 Cast: Ensorcelled Hiber |       |     6 ||     6
  Use: Scroll            |       |     4 ||     4
       Potion            |       |     3 ||     3
 Stab: Sleeping          |     6 |     5 ||    11
  Eat: Chunk             |     7 |    12 ||    19
Armor: Robe              |    32 |     6 ||    38
       Leather armour    |       |    53 ||    53
       Chain mail        |       |    29 ||    29
Dodge: Dodged            |   116 |   144 ||   260
